AoeStats
← Liopoldo

Migration

508631771Analyzed
1v1 RM · 10d ago on Sep 23, 2026· 28m 32s· 2 players
Game mode
Random Map
Map size
132×132
Population
200
Speed
Normal
Resources
Standard
Victory
Conquest
Starting age
Dark Age
Ending age
Imperial Age
RankedLock teamsTeams togetherTeam positionsShared explorationLock speedFull tech treeHidden civsTurbo modeCheats
Victory
Defeat
🇳🇴 Dravidians · Norway
1135
+17
🇪🇸 Bulgarians · Spain
1162
-17
▬ι ﺤ | s_ry1
7:14 Loom
11:14 Feudal Age
11:51 Double-Bit Axe
13:41 Forging
13:27 Fletching
15:16 Fishing Lines
15:56 Gold Mining
22:19 Castle Age
24:30 Iron Casting
23:54 Bodkin Arrow
24:56 Wheelbarrow
Liopoldo
7:02 Loom
13:43 Feudal Age
14:36 Double-Bit Axe
15:00 Arson
17:31 Forging
27:34 Castle Age
Connection lost

Rejoining the realm…

Still unreachable

The connection could not be restored.

Session expired

The server has moved on; the page needs a fresh start.